 Dungeon Crawl Stone Soup version 0.23.2-1-ga50397a6bc (webtiles) character file.

Game seed: 16261739493768386462

404 Mrkan the Ruffian (level 6, -3/61 HPs)
             Began as a Troll Monk on May 14, 2019.
             Killed by divine providence
             ... invoked by an orc priest
              (11 damage)
             ... on level 4 of the Dungeon.
             The game lasted 00:07:12 (2594 turns).

Mrkan the Ruffian (Troll Monk)                      Turns: 2594, Time: 00:07:12

Health: -3/61      AC: 14    Str: 21    XL:     6   Next: 56%
Magic:  5/5        EV: 10    Int:  6    God:
Gold:   108        SH:  0    Dex: 13    Spells: 5/5 levels left

rFire    . . .     SeeInvis .     - Unarmed
rCold    + . .     Gourm    +   (no shield)
rNeg     . . .     Faith    .   q - +5 steam dragon scales of Beyond {rC+}
rPois    .         Spirit   .   (helmet restricted)
rElec    .         Reflect  .   (no cloak)
rCorr    .         Harm     .   (gloves unavailable)
MR       .....                  (boots unavailable)
Stlth    ++........             (no amulet)
HPRegen  0.60/turn              (no ring)
MPRegen  0.09/turn              (no ring)

@: no status effects
A: large, unfitting armour, claws 3, fast metabolism 3, gourmand, regeneration
1, shaggy fur 1, tough skin 3
a: no special abilities


You were on level 4 of the Dungeon.
You were not hungry.

You visited 1 branch of the dungeon, and saw 4 of its levels.

You collected 108 gold pieces.

Inventory:

Hand Weapons
 n - a +5 flail
Armour
 a - a +0 robe
 h - a +1 animal skin
 q - the +5 steam dragon scales of Beyond (worn) {rC+}
   (You found it on level 4 of the Dungeon)

   It protects you from cold.
Jewellery
 j - a cursed ring of teleportation {unknown}
Scrolls
 d - 3 scrolls of enchant weapon
 e - 5 scrolls of remove curse
 g - a scroll of magic mapping {unknown}
Potions
 c - a potion of brilliance {unknown}
 f - 3 potions of heal wounds {unknown}
 k - a potion of magic {unknown}
 l - 3 potions of flight {unknown}
 m - a potion of lignification {unknown}
 o - 2 potions of agility {unknown}
Comestibles
 b - 8 rations


   Skills:
 + Level 3.1 Fighting
 - Level 2.4 Dodging
 - Level 1.0 Stealth
 * Level 7.1 Unarmed Combat


You had 5 spell levels left.
You didn't know any spells.
Your spell library was empty.

Dungeon Overview and Level Annotations

Branches:
Dungeon (4/15)
 Temple: D:4-7

Altars:
Fedhas
Uskayaw


Innate Abilities, Weirdness & Mutations

You are too large for most types of armour.
You have claws for hands.
Your metabolism is lightning-fast.
You like to eat raw meat.
Your natural rate of healing is unusually fast.
You are covered in fur. (AC +1)
You have extremely tough skin. (AC +3)


Message History

The bullfrog skeleton is moderately damaged.
The bullfrog skeleton hits you but does no damage.
You claw the bullfrog skeleton!
The bullfrog skeleton is severely damaged.
The bullfrog skeleton hits you but does no damage.
You claw the bullfrog skeleton!
You destroy the bullfrog skeleton!
You claw the orc!
You kill the orc!
The orc priest mumbles some strange prayers to Beogh against you.
Beogh smites you!
* * * LOW HITPOINT WARNING * * *
Things that are here:
the +10 dark maul {crush}; a +0 short sword; an orc corpse You scratch the orc priest.
The orc priest is moderately wounded.
The orc closely misses you.
The orc priest invokes the aid of Beogh against you.
Beogh smites you!
You die...

#......# #..#.#..#.#....
.#......# #....#(#....
........# ###.##.###..
........## #..(...#..
#........# . ####.#.#.#
#.).....# ..######.#.#.#
#..##### .........#.#.#
##...ooo# ...#.......#.#
#...o.#@##...#....)..#..
###+##..##.#.##...#.......###
........##.#......#.........#
#......(......).#.#.#####.#.#
#......#.........#.# #.#..
#......#######...#.# #.#.#
#............+.....# #.#.#
#......#######...#######.#.#
##............†...........#..


You could see an orc priest and 2 orcs.

Vanquished Creatures
  A howler monkey (D:4)
  A centaur skeleton (D:4)
  A hound (D:3)
  An orc wizard (D:3)
  A bullfrog skeleton (D:4)
  A worker ant (D:4)
  Robin (D:2)
  4 gnolls (D:2)
  A howler monkey skeleton (D:4)
  5 adders
  4 oozes
  An adder skeleton (D:4)
  2 worms
  4 dart slugs
  2 leopard geckos
  11 orcs
  A giant cockroach (D:4)
  15 goblins
  8 hobgoblins
  2 jackals (D:4)
  A quokka (D:2)
  A ball python (D:2)
  A bat (D:3)
  2 frilled lizards
  8 kobolds
  11 rats
91 creatures vanquished.

Notes
Turn   | Place    | Note
-------+----------+-------------------------------------------
     0 | D:1      | Mrkan the Troll Monk began the quest for the Orb.
     0 | D:1      | Reached XP level 1. HP: 22/22 MP: 0/0
    71 | D:1      | Reached XP level 2. HP: 29/29 MP: 1/1
   734 | D:2      | Identified the +2 helmet "Bidih" {Str+4}
   734 | D:2      | Noticed Robin
   755 | D:2      | Reached XP level 3. HP: 26/36 MP: 2/2
   756 | D:2      | Reached skill level 4 in Unarmed Combat
   763 | D:2      | Killed Robin
   887 | D:2      | You fall through a shaft for 2 floors!
   899 | D:3      | Reached XP level 4. HP: 41/44 MP: 3/3
  1023 | D:2      | Reached skill level 5 in Unarmed Combat
  1297 | D:2      | Reached XP level 5. HP: 37/52 MP: 4/4
  1656 | D:3      | Found a blossoming altar of Fedhas.
  1946 | D:3      | Reached skill level 6 in Unarmed Combat
  2250 | D:4      | Got shimmering steam dragon scales
  2321 | D:4      | Identified the +5 steam dragon scales of Beyond {rC+} (You
                  | found it on level 4 of the Dungeon)
  2408 | D:4      | Reached XP level 6. HP: 50/61 MP: 5/5
  2452 | D:4      | Found a hide-covered altar of Uskayaw.
  2588 | D:4      | Reached skill level 7 in Unarmed Combat
  2594 | D:4      | Killed from afar by an orc priest

Skill      XL: |  1  2  3  4  5  6 |
---------------+-------------------+-----
Unarmed Combat | 4 5 6 7 |  7.1
Fighting       | 3 |  3.1
Dodging        | |  2.4
Stealth        | |  1.0

Action                   |  1- 3 |  4- 6 || total
-------------------------+-------+-------++-------
Melee: Unarmed           |    72 |   148 ||   220
       Punch             |     1 |     4 ||     5
  Use: Scroll            |       |     6 ||     6
 Stab: Sleeping          |     2 |     4 ||     6
  Eat: Chunk             |     1 |    13 ||    14
       Ration            |     1 |     1 ||     2
Armor: Robe              |    29 |    36 ||    65
       Steam dragon scal |       |    14 ||    14
Dodge: Dodged            |    50 |    77 ||   127
